Coffee, chaotic male elven Priest --- ---- -.- |..| .. |..| .. --- --..| ------- . --.---..-- ----.--..-- . |.......| --.........| |. |.......| ---- --..........--- |.- ---.....| --..-- --.............|--- |M| |.....--|....|---.......--..<..|..| |G| -- -----....---..--|...........%.%.....| |)| |......[%..........| |.......----....----- |@| --..^ ------...-..-- --......| |......| --&| | |......| ---....| |......| |..| -.....--- ---..--- --....-- |.)-- |....|...| |....| |....| |.%.-- |..-----.----...-- |..--- -->..| - ---- |........| ---- |[....| |..--...-- |.....| ------..| --.|.-- ---- ---- Coffee the Adept Experience level: 7 Strength: 25 Dexterity: 16 Constitution: 14 Intelligence: 11 Wisdom: 16 Charisma: 9 Health: 0(54) Energy: 108(117) Def: 7 Gold: 57 Moves: 4323 Dungeon seed: kHcKV-QR4kVmIJ3x Game ID: Coffee_1614614561 Your Inventory: Coins $ - 57 gold pieces Weapons a - a blessed +2 mace (weapon in hand) o - a blessed +1 crossbow (alternate weapon; not wielded) s - a +1 arrow t - 24 +0 crossbow bolts (in quiver) u - a +0 arrow C - a +0 axe E - a blessed +5 dwarvish short sword I - a +0 axe K - a +0 dagger Armor e - a burnt +0 robe (being worn) n - a +0 small shield (being worn) r - a +0 dwarvish iron helm w - a +0 pair of iron shoes (being worn) z - a +0 pair of gauntlets of power (being worn) L - a +1 dwarvish cloak O - a +0 pair of iron shoes Y - a blessed +0 orcish helm (being worn) Comestibles c - a clove of garlic d - a sprig of wolfsbane f - a slime mold l - a food ration p - a pancake Scrolls P - a scroll of remove curse Potions X - a blessed potion of paralysis Z - a cursed potion of gain ability Rings g - a ring of shock resistance (on right hand) j - a +1 ring of protection (on left hand) Wands i - a wand of opening (0:4) m - a wand of probing (0:6) x - a wand of nothing (0:6) H - a wand of make invisible (0:4) R - a wand of striking (0:0) Tools h - 15 tallow candles (0:200) y - a skeleton key B - a brass lantern (0:1473) D - a bag of holding G - a skeleton key J - an oilskin sack M - a blessed tallow candle (0:200) Gems b - 2 worthless pieces of green glass N - a touchstone Q - 2 chrysoberyl stones U - a worthless piece of orange glass Contents of the bag of holding: 383 gold pieces a +0 aklys a spellbook of force bolt a spellbook of light a potion of full healing a potion of gain energy a potion of healing a potion of holy water a worthless piece of black glass 3 worthless pieces of green glass a worthless piece of violet glass 3 worthless pieces of yellowish brown glass Contents of the oilskin sack: a +0 pick-axe Spells and supernatural/magical abilities: Name Level Category Fail Memory a - force bolt 1 attack 14% 87% l - light 1 divination 14% 90% n - detect monsters 1 divination 14% 79% O - create monster 2 clerical 14% 79% W - pray for help -- divine ? -- X - turn undead -- divine ? -- Your skills at the end: Fighting Skills Weapon Skills mace [Basic] Spellcasting Skills clerical spells [Basic] Final Attributes: You were piously aligned. You were sleep resistant. You were shock resistant. You had infravision. You were protected. You were lucky. You are dead. Vanquished creatures: a large mimic a small mimic a tiger a gnome king an orc mummy a gold golem a pony 6 gnome lords 4 gnomish wizards 2 kobold mummies 2 giant ants 2 kittens 12 dwarves a kobold lord 2 kobold shamans a rothe a centipede an orc zombie a wererat a gas spore 3 hobbits a hobgoblin a green mold 35 gnomes a gecko 4 jackals 2 foxes 2 goblins 3 grid bugs a bat a lichen 2 newts 99 creatures vanquished. Voluntary challenges: You used a wielded weapon 134 times, starting on turn 97. You read items or engraved 13 times, starting on turn 784. You never genocided any monsters. You never polymorphed an object. You never changed form. You used no wishes. You never split a pudding. You never wrote Elbereth's name. You never violated your personal moral code. Dungeon overview: The Dungeons of Doom: levels 1 to 3 Level 1 a long staircase Level 2 a general store, a sink Level 3 a general store stairs to The Gnomish Mines The Gnomish Mines: levels 4 to 8 Level 4 stairs to The Dungeons of Doom Level 5 Level 6 many shops, a temple to Thoth, some fountains Level 7 Level 8 <- You were here History has recorded: On T:1 you entered the Dungeons of Doom to retrieve the Amulet of Yendor! On T:360 you reached level 2 of The Dungeons of Doom. On T:546 you advanced to experience level 2. On T:773 you reached level 3 of The Dungeons of Doom. On T:976 you advanced to experience level 3. On T:1200 you reached level 1 of The Gnomish Mines. On T:1215 you advanced to experience level 4. On T:1577 you advanced to experience level 5. On T:2143 you reached level 2 of The Gnomish Mines. On T:2206 you advanced to experience level 6. On T:2593 you reached level 3 of The Gnomish Mines. On T:3188 you advanced to experience level 7. On T:3614 you reached level 4 of The Gnomish Mines. On T:4171 you reached level 5 of The Gnomish Mines. Score breakdown: Gold: 440 ( 8995 points) Experience: 7 levels (13645 points) Exploration: 8 levels ( 15.69%) (11224 points) Discoveries: 23 items ( 8.04%) ( 8507 points) Valuables value: (no points given unless you survive) Artifact value: 0 ( 0 points) Variety of kills: 32 monsters ( 8.40%) ( 8694 points) Turncount: 4323 turns (-1139 points) Survival: died (score multiplied by 80%) Total score: 39940 Latest messages: The gnome throws a dagger! The dagger slips as the gnome throws it! The gnome wields a dagger! The daggers weld themselves to the gnome's hand! You kill the gnome! You see here 3 cursed daggers. You kill the gnome! The vrock hits! (2x) The vrock just misses! The vrock hits! The vrock bites! The vrock hits! (3x) The vrock just misses! The vrock bites! The spell misses the vrock. The vrock hits! (4x) The vrock misses. You hit the vrock! The vrock hits! (2x) The vrock misses. The vrock hits! The vrock bites! You die... Final status: Goodbye Coffee the Priest, killed by a vrock... You died in The Gnomish Mines on dungeon level 8 with 39940 points, and 440 pieces of gold, after 4323 moves. You were level 7 with a maximum of 54 hit points when you died.